 Dungeon Crawl Stone Soup version 0.28-a0-957-g42eb19b844 (webtiles) character file.

Game seed: 15972702386432042466

4045 Redcow54321 the Grappler (level 10, -1/93 HPs)
             Began as a Troll Fighter on Dec 1, 2021.
             Slain by Maurice (4 damage)
             ... on level 8 of the Dungeon.
             The game lasted 00:14:18 (4783 turns).

Redcow54321 the Grappler (Troll Fighter)            Turns: 4783, Time: 00:14:19

Health: -1/93      AC:  6    Str: 30    XL:     10   Next: 4%
Magic:  9/9        EV:  8    Int:  4    God:
Gold:   548        SH:  5    Dex:  9    Spells: 9/9 levels left

rFire   + + .      SeeInvis .     - Unarmed
rCold   x . .      Faith    .   (no shield)
rNeg    . . .      Spirit   .   i - +1 fire dragon scales
rPois   .          Reflect  +   (helmet restricted)
rElec   .          Harm     .   (no cloak)
rCorr   .          Rampage  .   (gloves unavailable)
Will    .....                   (boots unavailable)
Stlth   ..........              h - amulet of reflection
HPRegen 1.05/turn               (no ring)
MPRegen 0.11/turn               (no ring)

@: mighty, corroded
A: large, unfitting armour, claws 3, regeneration 1, shaggy fur 1, tough skin 1
a: no special abilities


You were on level 8 of the Dungeon.
You visited 1 branch of the dungeon, and saw 8 of its levels.

You collected 548 gold pieces.

Inventory:

Missiles
 x - a throwing net (quivered)
Armour
 a - a +0 robe
 i - +1 fire dragon scales (worn)
Jewellery
 h - an amulet of reflection (around neck)
Wands
 c - a wand of iceblast (5)
Scrolls
 d - 2 scrolls of identify
 f - 2 scrolls of amnesia
 j - 2 scrolls of fear
 n - a scroll of noise
 r - 2 scrolls of immolation
 s - 2 scrolls of teleportation
 t - a scroll of fog {unknown}
 v - a scroll of enchant weapon {unknown}
 w - a scroll of magic mapping
 y - a scroll of acquirement {unknown}
Potions
 e - 2 potions of curing {unknown}
 g - a potion of flight {unknown}
 l - a potion of brilliance
 m - a potion of haste {unknown}
 p - 2 potions of magic {unknown}
 z - a potion of heal wounds {unknown}


   Skills:
 * Level 4.3 Fighting
 * Level 8.3 Armour
 - Level 2.4 Dodging
 - Level 2.4 Shields
 - Level 10.0 Unarmed Combat


You had 9 spell levels left.
You didn't know any spells.
Your spell library contained the following spells:

 Spells                   Type           Power      Damage    Failure   Level
 Blink                    Tloc           0%         N/A       88%         2
 Scorch                   Fire           0%         2d5       88%         2
 Sublimation of Blood     Necr           0%         N/A       88%         2
 Gell's Gravitas          Tloc           0%         N/A       98%         3
 Inner Flame              Hex/Fire       0%         N/A       98%         3
 Lesser Beckoning         Tloc           0%         N/A       98%         3
 Teleport Other           Tloc           0%         N/A       98%         3
 Cause Fear               Hex            0%         N/A       100%        4
 Flame Wave               Conj/Fire      0%         2d4       100%        4
 Petrify                  Tmut/Erth      0%         N/A       100%        4
 Irradiate                Conj/Tmut      0%         3d13      100%        5
 Manifold Assault         Tloc           0%         N/A       100%        5
 Summon Cactus Giant      Summ           0%         N/A       100%        6
 Discord                  Hex            0%         N/A       100%        8


Dungeon Overview and Level Annotations

Branches:
Dungeon (8/15)             Temple (0/1) D:7
   Lair: D:8-11

Altars:
Fedhas
Wu Jian
Yredelemnul
The Shining One

Shops:
D:3 !   D:6 (

Annotations:
D:5 2 transporters, Splishie's ghost, weakling GnWn
D:8 Maurice


Innate Abilities, Weirdness & Mutations

You are too large for most types of armour.
You have claws for hands.
Your natural rate of healing is unusually fast.
You are covered in fur. (AC +1)
You have tough skin. (AC +1)


Message History

You hear a zap.
A bolt of acid appears from out of thin air!
The bolt of acid hits you!! The acid corrodes you!
You hear a zap.
A bolt of acid appears from out of thin air!
The bolt of acid hits you!! The acid corrodes you!
You scratch something but do no damage. Something hits you.
Something steals your 2 scrolls of blinking!
You miss something.
You hear a zap.
A bolt of acid appears from out of thin air!
The bolt of acid hits you!!
* * * LOW HITPOINT WARNING * * *
The now-empty wand crumbles to dust.
You miss something. You claw something! Something hits you!
* * * LOW HITPOINT WARNING * * *
Something steals 2 of your 3 bubbling emerald potions!
You feel very mighty all of a sudden. Something hits you.
* * * LOW HITPOINT WARNING * * *
Something steals your ring of wizardry!
You closely miss something. Your claw misses something.
Something hits you but does no damage.
You miss something. Something hits you.
* * * LOW HITPOINT WARNING * * *
Something steals your +0 kite shield!
Something blocks your attack.
You closely miss something.
Maurice appears from thin air!
Reactivating autopickup.
You block Maurice's attack.
You claw Maurice!
Maurice is heavily wounded.
Maurice hits you with a +0 dagger!
* * * LOW HITPOINT WARNING * * *
Maurice steals your wand of paralysis (12)!
Maurice blocks your attack.
Maurice is heavily wounded.
Maurice hits you with a +0 dagger.
You die...

.####.#.#.....#.#.#####.#.#
########)#.........# #.#.#
........).....##.#### #.#.#
#####...#........#.####.#.#
#...##########......#.#
###########.........)...........#
.................................
..............########.##########
#####..........@@.............
#####.#####.##########.#######
...............# #.#
#####..........# ####.####
#........).# #.......#
#..........# #.......#
#.........(# #.......#
#.......>..####.......#
#########.....#.......#


You could see Maurice (fast).

Vanquished Creatures
  Harold (D:7)
  Pikel (D:4)
  A steam dragon (D:7)
  An ice beast (D:5)
  2 necrophages
  A sky beast (D:6)
  3 ogres
  2 centaurs
  A lemure (D:4)
  A phantom (D:6)
  A kobold brigand (D:5)
  5 scorpions
  2 water moccasin zombies (D:6)
  10 killer bees
  4 wights (D:8)
  2 centaur zombies
  A hound (D:7)
  2 jellies (D:5)
  3 orc priests
  2 bullfrog skeletons
  A gnoll shaman (D:7)
  Crazy Yiuf (D:3)
  4 iguanas
  7 orc wizards
  7 adders
  8 gnolls
  4 white imps
  2 worms
  4 dart slugs
  19 orcs
  5 ball pythons
  8 bats
  5 endoplasms
  2 giant cockroaches
  4 goblins
  4 hobgoblins
  3 jackals
  7 quokkas
  A ball python zombie (D:3)
  5 frilled lizards
  15 kobolds
  A quokka zombie (D:3)
  8 rats
171 creatures vanquished.

Vanquished Creatures (others)
  5 plants
  A withered plant (D:3)
6 creatures vanquished.

Grand Total: 177 creatures vanquished

Notes
Turn   | Place    | Note
-------+----------+-------------------------------------------
     0 | D:1      | Redcow54321 the Troll Fighter began the quest for the Orb.
     0 | D:1      | Reached XP level 1. HP: 22/22 MP: 0/0
   154 | D:1      | Found a faded altar of an unknown god.
   161 | D:1      | Reached XP level 2. HP: 29/29 MP: 1/1
   202 | D:1      | Reached skill level 3 in Unarmed Combat
   679 | D:2      | Reached XP level 3. HP: 36/36 MP: 2/2
   714 | D:2      | Reached skill level 4 in Unarmed Combat
   759 | D:2      | Reached XP level 4. HP: 24/44 MP: 3/3
  1099 | D:2      | Reached skill level 5 in Unarmed Combat
  1257 | D:2      | Reached XP level 5. HP: 50/50 MP: 4/4
  1306 | D:3      | Found Agir's Distillery.
  1395 | D:3      | Found a glowing golden altar of the Shining One.
  1620 | D:3      | Reached skill level 6 in Unarmed Combat
  1680 | D:3      | Found a runed translucent door.
  1681 | D:3      | Noticed Crazy Yiuf
  1884 | D:3      | Killed Crazy Yiuf
  1980 | D:4      | Reached XP level 6. HP: 59/59 MP: 5/5
  1994 | D:4      | Noticed Pikel
  2033 | D:4      | Killed Pikel
  2034 | D:4      | Reached skill level 8 in Unarmed Combat
  2034 | D:4      | Reached XP level 7. HP: 22/66 MP: 6/6
  2446 | D:5      | Entered Level 5 of the Dungeon
  2451 | D:5      | Reached skill level 9 in Unarmed Combat
  2503 | D:5      | Reached skill level 1 in Armour
  2506 | D:5      | Reached XP level 8. HP: 35/74 MP: 7/7
  2740 | D:5      | Reached skill level 10 in Unarmed Combat
  2805 | D:5      | Noticed Splishie's ghost (weakling GnWn)
  2809 | D:5      | Found a blossoming altar of Fedhas.
  2829 | D:5      | Noticed a hornet
  3017 | D:5      | Found a transporter.
  3022 | D:5      | Found a transporter.
  3285 | D:6      | Found Feodetiyte's Hydra Hut.
  3290 | D:6      | Noticed an eight-headed hydra
  3333 | D:6      | Reached XP level 9. HP: 80/81 MP: 8/8
  3356 | D:6      | Reached skill level 5 in Armour
  3978 | D:7      | Found a staircase to the Ecumenical Temple.
  4143 | D:7      | Noticed Harold
  4155 | D:7      | Killed Harold
  4201 | D:7      | Found an ornate altar of the Wu Jian Council.
  4201 | D:7      | Found a basalt altar of Yredelemnul.
  4675 | D:8      | Reached XP level 10. HP: 91/92 MP: 9/9
  4741 | D:8      | Noticed Maurice
  4782 | D:8      | HP: 2/93 [Maurice (7)]
  4783 | D:8      | Slain by Maurice

Illustrated notes

Levels and vault maps discovered:
D:1:      lemuel_arrival_funnel, layout_rooms,
          dreamdust_ecumenical_altar_statues, minmay_crystal_water,
          lexackson_kobold_supper
D:2:      minmay_angry_zag, layout_rooms
D:3:      layout_rooms, mainiacjoe_overflow_catwalk, serial_undead,
          serial_undead_c, serial_undead_c, serial_undead_b, serial_undead_e,
          serial_undead_e, serial_undead_a, serial_shops,
          nicolae_shop_hallway_stairs, minmay_fractal_squares_diagonal_5,
          uniq_crazy_yiuf_cottage
D:4:      layout_rooms, uniq_pikel
D:5:      minmay_general_purpose_star, layout_cave_pools, lemuel_crystal_altar,
          gammafunk_ghost_hive
D:6:      layout_basic, kennysheep_small_spiral, doesnt_shop_hydraphobe
D:7:      layout_rooms, chequers_temple_overflow_statue_of_worship,
          minmay_temple_entry_antechambers, minmay_misc_feat_alley, uniq_harold
D:8:      layout_basic, uniq_maurice, uniq_gastronok

Skill      XL: |  1  2  3  4  5  6  7  8  9 |
---------------+----------------------------+-----
Unarmed Combat | 3 4 5 6 8 9 10 | 10.0
Armour         | 1 4 8 |  8.3
Fighting       | 3 4 |  4.3
Dodging        | |  2.4
Shields        | |  2.4

Action                   |  1- 3 |  4- 6 |  7- 9 | 10-12 || total
-------------------------+-------+-------+-------+-------++-------
Melee: Unarmed           |    82 |   146 |   262 |    21 ||   511
       Punch             |       |     2 |     8 |       ||    10
  Use: Potion            |       |     1 |     1 |     1 ||     3
       Scroll            |       |       |     8 |       ||     8
 Stab: Sleeping          |     2 |       |       |       ||     2
Armor: Robe              |    28 |     9 |       |       ||    37
       Fire dragon scale |       |    62 |    97 |     8 ||   167
Dodge: Dodged            |    38 |    54 |    64 |     1 ||   157
Block: Other             |     4 |    29 |    44 |     4 ||    81
       Reflection        |       |       |     2 |       ||     2

Table legend: (Time is in decaauts)
 A = Elapsed time spent in this place.
 B = Non-inter-level travel time spent in this place.
 C = Inter-level travel time spent in this place.
 D = Time resting spent in this place.
 E = Time spent auto-exploring this place.
 F = Levels seen in this place.
 G = Mean time per level.
                   A        B        C        D        E       F      G
               +--------+--------+--------+--------+--------+-----+--------+
         Total |   4713 |   4537 |    176 |    294 |   3153 |   8 |  589.1 |
       Dungeon |   4713 |   4537 |    176 |    294 |   3153 |   8 |  589.1 |
               +--------+--------+--------+--------+--------+-----+--------+

Top non-repeatable levels by time:
     D:5: 718 daAuts
     D:1: 668 daAuts
     D:6: 660 daAuts
     D:2: 643 daAuts
     D:3: 607 daAuts
     D:4: 579 daAuts
     D:7: 527 daAuts
     D:8: 308 daAuts
